 Dungeon Crawl Stone Soup version 0.30-a0-591-g3c58d2bc28 (webtiles) character file.

Game seed: 5518778833485665838

154 wormed the Changer (level 5, -1/33 HPs)
             Began as an Octopode Transmuter on Jan 4, 2023.
             Slain by a quokka (5 damage)
             ... in a sewer.
             The game lasted 00:05:01 (3386 turns).

wormed the Changer (Octopode Transmuter)            Turns: 3386, Time: 00:05:02

Health: -1/33      AC:  1    Str:  9    XL:     5   Next: 35%
Magic:  7/9        EV: 13    Int: 23    God:
Gold:   127        SH:  0    Dex: 13    Spells: 3/10 levels left

rFire   . . .      SeeInvis .      - Unarmed
rCold   . . .      Faith    .    (no shield)
rNeg    . . .      Spirit   .    (helmet currently unavailable)
rPois   .          Reflect  .    (no amulet)
rElec   .          Harm     .    k - +6 ring of intelligence
rCorr   .          Rampage  .    (no ring)
Will    .....                    (no ring)
Stlth   +++                      (no ring)
HPRegen 0.25/turn                (no ring)
MPRegen 0.11/turn                (no ring)
                                 (no ring)
                                 (no ring)

@: lethally poisoned (-1 -> -3), appendages (expiring), wereblooded, hasted,
very quick
A: tentacle spike 3, almost no armour, amphibious, 8 rings, camouflage 1,
gelatinous body 1, nimble swimmer 1, tentacles
a: End Transformation


You were in a sewer.
One of your tentacles had grown a beastly spike.
You visited 1 branch of the dungeon, and saw 3 of its levels.
You also visited: Sewer.

You collected 127 gold pieces.

Inventory:

Armour
 j - a +0 hat (melded)
Jewellery
 k - a +6 ring of intelligence (left tentacle)
Wands
 m - a wand of quicksilver (6)
Scrolls
 d - a scroll of fog {unknown}
 g - a scroll of poison {unknown}
 h - a scroll of enchant weapon {unknown}
 l - a scroll of noise {unknown}
Potions
 a - 4 potions of flight
 e - a potion of degeneration


   Skills:
 - Level 1.0 Fighting
 - Level 2.0 Dodging
 - Level 3.0 Unarmed Combat
 + Level 3.2 Spellcasting
 + Level 3.4 Transmutations
 + Level 2.6 Ice Magic


You had 3 spell levels left.
You knew the following spells:

 Your Spells              Type           Power      Damage    Failure   Level
a - Beastly Appendage     Tmut           38%        N/A       2%          1
b - Wereblood             Tmut           19%        N/A       4%          2
c - Ice Form              Ice/Tmut       17%        N/A       32%         4

Your spell library contained the following spells:

 Spells                   Type           Power      Damage    Failure   Level
 Summon Small Mammal      Summ           12%        N/A       12%         1
 Spider Form              Tmut/Pois      11%        N/A       17%         3
 Call Canine Familiar     Summ           3%         N/A       34%         3
 Portal Projectile        Hex/Tloc       6%         N/A       34%         3
 Summon Guardian Golem    Hex/Summ       3%         N/A       34%         3
 Tukima's Dance           Hex            3%         N/A       34%         3
 Blade Hands              Tmut           9%         N/A       61%         5


Dungeon Overview and Level Annotations

Branches:
Dungeon (3/15)              Sewer (1/1)

Altars:
Makhleb
Qazlal
Ru
Wu Jian

Annotations:
D:2 Sigmund


Innate Abilities, Weirdness & Mutations

One of your tentacles has grown a beastly spike.
You cannot wear most types of armour.
You are amphibious.
You can wear up to eight rings at the same time.
Your skin changes colour to match your surroundings (Stealth+).
Your rubbery body absorbs attacks. (AC +1, EV +1)
You are camouflaged when in or above water. (Stealth+)
You have tentacles for arms and can constrict up to eight enemies at once.


Message History

You howl as the wereblood boils in your veins!
You constrict the river rat. The ball python bites you.
The ball python grabs you. The ball python constricts you.
The river rat bites you but does no damage.
The adder bites you.
You tentacle-slap the adder. Your grab misses the adder.
The adder is lightly wounded.
You constrict the river rat, but do no damage.
The ball python closely misses you. The ball python constricts you.
The adder bites you. The river rat barely misses you.
You tentacle-slap the river rat.
You pierce the river rat, but do no damage.
You tentacle-slap the river rat.
You feel a bit better.
You kill the river rat!
The ball python barely misses you. The ball python constricts you.
The adder closely misses you.
You closely miss the quokka. Your grab misses the quokka.
Your squeeze misses the quokka.
Your transformation is almost over.
The ball python bites you. The ball python constricts you. The adder bites you.
The quokka barely misses you.
You tentacle-slap the ball python. Your grab misses the ball python.
The ball python is severely wounded.
The ball python bites you but does no damage.
The ball python constricts you. The adder bites you but does no damage.
The quokka barely misses you.
You bludgeon the ball python!
You feel a bit better.
You kill the ball python!
The adder bites you.
You are poisoned.
The adder poisons you! The quokka bites you. The adder barely misses you.
You tentacle-slap the quokka but do no damage.
You grab the quokka.
You constrict the quokka, but do no damage.
You feel sick. The quokka bites you.
* * * LOW HITPOINT WARNING * * *
The adder bites you but does no damage.
It was a potion of haste.
You feel yourself speed up.
You constrict the quokka.
You feel sick. The quokka bites you.
You die...

###.? #~≈~#### ##....
#~≈~~~~~ #..... #.≈~≈≈≈
#....### #~≈~~.
#.~....####~≈.#
#~.....##~≈~#
######......~≈~########
#≈≈≈≈†Srh~~≈≈≈~~~~~†.~.
#≈≈≈≈≈@†≈≈≈≈≈≈≈≈≈≈≈≈≈≈≈
#≈≈≈≈≈≈≈≈≈≈≈≈≈≈≈≈≈≈≈≈≈≈
#######################


You could see an adder, a quokka and a jackal.

Vanquished Creatures
  3 adders
  5 river rats
  2 worms
  2 dart slugs
  2 orcs (D:3)
  10 ball pythons
  10 bats
  2 endoplasms
  7 giant cockroaches
  6 goblins
  4 hobgoblins
  4 jackals
  2 quokkas (D:1)
  6 frilled lizards
  A kobold (D:1)
  7 rats
73 creatures vanquished.

Notes
Turn   | Place    | Note
-------+----------+-------------------------------------------
     0 | D:1      | wormed the Octopode Transmuter began the quest for the Orb.
     0 | D:1      | Reached XP level 1. HP: 13/13 MP: 3/3
    85 | D:1      | Reached XP level 2. HP: 18/18 MP: 3/5
    88 | D:1      | Learned a level 2 spell: Wereblood
   214 | D:1      | Reached skill level 1 in Ice Magic
   478 | D:1      | Found a faded altar of an unknown god.
  1044 | D:1      | Reached XP level 3. HP: 23/23 MP: 2/6
  2304 | D:2      | Reached XP level 4. HP: 27/28 MP: 4/8
  2350 | D:2      | Noticed Sigmund
  2429 | D:3      | Learned a level 4 spell: Ice Form
  2541 | D:3      | Found an ornate altar of the Wu Jian Council.
  2541 | D:3      | Found a faded altar of an unknown god.
  2549 | D:3      | Found a sacrificial altar of Ru.
  2551 | D:3      | Found a burning altar of Makhleb.
  2553 | D:3      | Found a faded altar of an unknown god.
  2626 | D:3      | Found a faded altar of an unknown god.
  2629 | D:3      | Found a stormy altar of Qazlal.
  2871 | D:3      | HP: 1/28 [river rat (7)]
  3029 | D:3      | Found a glowing drain.
  3038 | D:3      | Reached XP level 5. HP: 28/33 MP: 5/9
  3043 | Sewer    | Entered a sewer
  3386 | Sewer    | Slain by a quokka

Illustrated notes

Levels and vault maps discovered:
D:1:      tarquinn_simple_flora_water_a, layout_basic,
          hellmonk_ecumenical_altar_zigzags
D:2:      layout_basic, kennysheep_minor_cross, kennysheep_potato, uniq_sigmund
D:3:      layout_basic, nicolae_tso_carved_into_rock,
          nicolae_overflow_ecumenical_swirl,
          chequers_temple_overflow_minitemple, portal_sewer_entry_e,
          uniq_terence
Sewer:    sewer_fruit_machine

Skill      XL: |  1  2  3  4 |
---------------+-------------+-----
Ice Magic      | 1 2 |  2.6
Transmutations | 3 |  3.4
Spellcasting   | 3 |  3.2
Fighting       | |  1.0
Dodging        | |  2.0
Unarmed Combat | |  3.0

Action                   |  1- 3 |  4- 6 || total
-------------------------+-------+-------++-------
Melee: Unarmed           |    88 |    83 ||   171
       Constrict         |    26 |    20 ||    46
       Tentacles         |    17 |    12 ||    29
       Kick              |    15 |    21 ||    36
       Punch             |     1 |     3 ||     4
 Cast: Beastly Appendage |    23 |    15 ||    38
       Wereblood         |    18 |    13 ||    31
       Ice Form          |       |     1 ||     1
  Use: Scroll            |     3 |     2 ||     5
       Potion            |       |     4 ||     4
 Stab: Sleeping          |     6 |     3 ||     9
Armor: Skin              |    12 |    23 ||    35
Dodge: Dodged            |    51 |    65 ||   116

Table legend: (Time is in decaauts)
 A = Elapsed time spent in this place.
 B = Non-inter-level travel time spent in this place.
 C = Inter-level travel time spent in this place.
 D = Time resting spent in this place.
 E = Time spent auto-exploring this place.
 F = Levels seen in this place.
 G = Mean time per level.
                   A        B        C        D        E       F      G
               +--------+--------+--------+--------+--------+-----+--------+
         Total |   3374 |   3322 |     52 |    143 |   2555 |   4 |  843.5 |
       Dungeon |   3033 |   2981 |     52 |    143 |   2346 |   3 | 1011.0 |
         Sewer |    340 |    340 |      0 |      0 |    209 |   1 |  340.0 |
               +--------+--------+--------+--------+--------+-----+--------+

Top non-repeatable levels by time:
     D:1: 1330 daAuts
     D:2: 1020 daAuts
     D:3: 682 daAuts
   Sewer: 340 daAuts
